 Dungeon Crawl Stone Soup version 0.15.0-13-gb296d5c (console) character file.

2 gw the Skirmisher (level 1, -2/19 HPs)
             Began as a Centaur Abyssal Knight on Sept 3, 2014.
             Was a Follower of Lugonu.
             Slain by a goblin (4 damage)
             ... on Level 1 of the Dungeon.
             The game lasted 00:00:05 (42 turns).

gw the Skirmisher (Centaur Abyssal Knight)            Turns: 42, Time: 00:00:05

HP  -2/19        AC  4     Str 14      XL: 1   Next: 25%
MP   1/1         EV  9     Int 11      God: Lugonu [*.....]
Gold 0           SH  0     Dex  8      Spells:  0 memorised,  0 levels left

rFire  . . .     SeeInvis .     a - +1 mace
rCold  . . .     Clarity  .     b - +0 leather armour
rNeg   . . .     rCorr    .     (no shield)
rPois  .         rRot     .     (no helmet)
rElec  .         Spirit   .     (no cloak)
SustAb .         Warding  .     (no gloves)
rMut   .         Stasis   .     (no barding)
Gourm  .                        (no amulet)
MR     .....                    (no ring)
                                (no ring)

@: very quick, not resistant to hostile enchantments, extremely unstealthy
A: hooves 3, deformed body, speed 2, tough skin 3
a: Depart the Abyss, Renounce Religion


You were on level 1 of the Dungeon.
You worshipped Lugonu.
Lugonu was aware of your devotion.
You were not hungry.

You visited 1 branch of the dungeon, and saw 1 of its levels.
You visited the Abyss 1 time.

Inventory:

Hand weapons
 a - a +1 mace (weapon)
Armour
 b - a +0 leather armour (worn)
Comestibles
 c - a bread ration


   Skills:
 + Level 3.0 Fighting
 + Level 1.7 Maces & Flails
 * Level 1.0 Throwing
 + Level 1.3 Armour
 - Level 0.6 Dodging
 + Level 2.0 Invocations


You couldn't memorise any spells.
You didn't know any spells.

Dungeon Overview and Level Annotations

Branches:
Dungeon (1/15)

Altars:


Innate Abilities, Weirdness & Mutations

You have hooves in place of feet.
Armour fits poorly on your strangely shaped body.
You cover ground very quickly.
You have extremely tough skin (AC +3).


Message History

MOVING TO (-4,0)
A goblin comes into view.
The goblin shouts!
MOVING TO (-3,0) MOVING TO (-2,0) MOVING TO (-1,0) MOVING TO (8,1) MOVING TO (7,1)
The goblin closely misses you.
FLEEEEING!
MOVING TO (-8,1) FLEEEEING!
MOVING TO (7,1)
The goblin hits you.
FLEEEEING!
ATTACKING (-1,0)
You hit the goblin.
The goblin is heavily wounded.
The goblin hits you.
You die...

#.#....8# #.#...%<#
#.######.#....8#
#...K.........##
#######.......#
#.......# #.#..####
###############.#..#
#....>..gcgg..%.####
#.#############.#
#.# #.# .#. ## ##


You could see a hobgoblin and 2 goblins.

Table legend:
 A = Turns spent in this place as a percentage of turns spent in the entire game.
 B = Non-inter-level travel turns spent in this place as a percentage of non-inter-level travel turns spent in the entire game.
 C = Inter-level travel turns spent in this place as a percentage of turns spent in this place.
 D = Turns resting spent in this place as a percentage of non-inter-level travel turns spent in this place.
 E = Turns spent auto-exploring this place as a percentage of non-inter-level travel turns spent in this place.
 F = Non-inter-level travel turns spent in this place divided by the number of levels of this place that you've seen.
                   A       B       C       D       E      F
               +-------+-------+-------+-------+-------+----------------------
         Total | 100.0 | 100.0 |   0.0 |   0.0 |   2.5 |  20.0
       Dungeon |  87.5 |  87.5 |   0.0 |   0.0 |   0.0 |  35.0
         Abyss |  12.5 |  12.5 |   0.0 |   0.0 |  20.0 |   5.0
               +-------+-------+-------+-------+-------+----------------------

Table legend:
 A = Kills in this place as a percentage of kills in entire the game.
 B = Kills by you in this place as a percentage of kills by you in the entire game.
 C = Kills by friends in this place as a percentage of kills by friends in the entire game.
 D = Other kills in this place as a percentage of other kills in the entire game.
 E = Experience gained in this place as a percentage of experience gained in the entire game.
 F = Experience gained in this place divided by the number of levels of this place that you have seen.
                   A       B       C       D       E      F
               +-------+-------+-------+-------+-------+----------------------
         Total | 100.0 | 100.0 |  -nan |  -nan | 100.0 |   1.5
       Dungeon | 100.0 | 100.0 |  -nan |  -nan | 100.0 |   3.0
               +-------+-------+-------+-------+-------+----------------------

Vanquished Creatures
  A giant gecko (D:1)
1 creature vanquished.

Notes
Turn   | Place    | Note
--------------------------------------------------------------
     0 | Abyss:1  | gw, the Centaur Abyssal Knight, began the quest for the Orb.
     0 | Abyss:1  | Reached XP level 1. HP: 19/19 MP: 1/1
     6 | D:1      | Escaped the Abyss
    29 | D:1      | Reached skill level 1 in Throwing
    42 | D:1      | Slain by a goblin

Action                   || total
-------------------------++-------
Melee: Mace              ||     2

Vault maps used:
D:1:      mrwooster_arrival_statue
Abyss:1:  evilmike_abyss_exit_1
